 Dungeon Crawl Stone Soup version 0.31-a0-672-g7da72447bb (webtiles) character file.

Game seed: 17736088014837103143

344 Shayle the Ducker (level 6, -1/55 HPs)
             Began as an Ogre Shapeshifter on Sept 4, 2023.
             Was an Initiate of Kikubaaqudgha.
             Slain by an ogre
             ... wielding a +0 giant spiked club
              (17 damage)
             ... on level 4 of the Dungeon.
             The game lasted 00:07:10 (2854 turns).

Shayle the Ducker (Ogre Shapeshifter)               Turns: 2854, Time: 00:07:10

Health: -1/55      AC:  3    Str: 19    XL:     6   Next: 58%
Magic:  6/6        EV: 10    Int: 13    God:    Kikubaaqudgha [......]
Gold:   224        SH:  0    Dex:  8    Spells: 5/5 levels left

rFire   . . .        b - +2 scythe (venom)
rCold   . . .        (shield currently unavailable)
rNeg    . . .        a - +0 animal skin
rPois   .            (helmet currently unavailable)
rElec   .            (cloak currently unavailable)
rCorr   .            (gloves unavailable)
SInv    .            (boots unavailable)
Will    .....        (no amulet)
Stlth   +            (no ring)
HPRegen 0.29/turn    (no ring)
MPRegen 0.10/turn

%: no passive effects
@: beast-form
A: beast (slay +2), large, unfitting armour, tough skin 1
a: Begin Untransformation, Renounce Religion


You were on level 4 of the Dungeon.
You worshipped Kikubaaqudgha.
Kikubaaqudgha was noncommittal.
You were a hulking beast.
You visited 2 branches of the dungeon, and saw 5 of its levels.

You collected 224 gold pieces.

Inventory:

Hand Weapons
 b - a +2 scythe of venom (weapon)
 p - a +6 dagger
Armour
 a - a +0 animal skin (worn)
Jewellery
 o - a ring of poison resistance
Talismans
 c - a beast talisman (active)
 d - a flux talisman
Wands
 q - a wand of flame (14)
Scrolls
 e - a scroll of enchant weapon {unknown}
 h - 2 scrolls of immolation {unknown}
 l - a scroll of identify {unknown}
 n - a scroll of revelation {unknown}
 r - a scroll of noise {unknown}
 t - a scroll of silence {unknown}
 u - 3 scrolls of teleportation {unknown}
Potions
 f - 2 potions of might {unknown}
 g - a potion of berserk rage {unknown}
 i - a potion of magic {unknown}
 j - 2 potions of curing {unknown}
 k - 3 potions of mutation {unknown}
 m - a potion of cancellation {unknown}
 s - a potion of invisibility {unknown}
 v - a potion of heal wounds {unknown}


   Skills:
 - Level 1.3 Fighting
 * Level 4.5 Dodging
 + Level 3.9 Unarmed Combat
 + Level 4.1 Shapeshifting


You had 5 spell levels left.
You didn't know any spells.
Your spell library contained the following spells:

 Spells                   Type           Power      Damage    Failure   Level
 Sting                    Tmut/Pois      0%         1d3       30%         1
 Alistair's Intoxication  Tmut/Pois      0%         N/A       100%        5
 Disjunction              Tloc           0%         N/A       100%        8


Dungeon Overview and Level Annotations

Branches:
Dungeon (4/15)             Temple (1/1) D:4

Altars:
Fedhas
Kikubaaqudgha
Makhleb
Nemelex Xobeh
Okawaru
Sif Muna
Trog
Uskayaw
Xom
Yredelemnul
The Shining One


Innate Abilities, Weirdness & Mutations

You are a hulking beast.
Your limbs bulge with bestial killing power. (Slay +2)
You are too large for most types of armour.
You have tough skin. (AC +1)


Message History

The orc hits you with a +0 hand axe.
You hit the orc.
The orc is severely wounded.
The orc barely misses you.
You slash the orc!
You kill the orc!
Kikubaaqudgha accepts your kill. The orc hits you with a +0 hand axe.
You barely miss the orc. The orc hits you with a +0 hand axe.
You puncture the orc!
You kill the orc!
Kikubaaqudgha accepts your kill.
Items here: ))) [[ †.
You open the door.
A goblin comes into view. It is wielding a +0 club.
The goblin shouts!
You hear a shout!
An ogre comes into view. It is wielding a +0 giant spiked club.
There is an open door here.
The goblin unwields a +0 club.
The goblin wields a +0 sling.
The goblin shoots a sling bullet.
The sling bullet hits you.
The goblin shoots a sling bullet.
The sling bullet barely misses you.
Items here: ))) [[ †.
The goblin unwields a +0 sling.
The goblin wields a +0 club.
The goblin hits you with a +0 club.
You puncture the goblin!
You kill the goblin!
Kikubaaqudgha accepts your kill.
You barely miss the ogre.
The ogre hits you with a +0 giant spiked club!!
You hit the ogre but do no damage.
The ogre is poisoned.
The ogre hits you with a +0 giant spiked club!
* * * LOW HITPOINT WARNING * * *
You closely miss the ogre.
The ogre is lightly wounded.
The ogre misses you.
You closely miss the ogre.
The ogre is lightly wounded.
The ogre hits you with a +0 giant spiked club!
You die...
Kikubaaqudgha rasps: "You have failed me!
Welcome... death!"

# # ###############
..............#
#############.#
............#.#
###########.#.#
........# #.#.#####
#######.###.#..)h.#
.#.......)#.#####O#
.))........># #'#
......#.#.#.##...!...#
.#....#.#.#.##.......#
.######.#.#.##.......#
....)...#....+.......#
######......##O......#
#....'.......+.......#


You could see an ogre (very poisoned).

Vanquished Creatures
  Sigmund (D:2)
  3 orc wizards
  3 adders
  A worm (D:2)
  10 orcs
  2 bats
  5 endoplasms
  3 giant cockroaches
  8 goblins
  6 hobgoblins
  3 jackals (D:1)
  A quokka (D:1)
  6 ball pythons
  3 frilled lizards
  9 kobolds
  3 rats
67 creatures vanquished.

Notes
Turn   | Place    | Note
-------+----------+-------------------------------------------
     0 | D:1      | Shayle the Ogre Shapeshifter began the quest for the Orb.
     0 | D:1      | Reached XP level 1. HP: 19/19 MP: 1/1
   122 | D:1      | Reached XP level 2. HP: 21/27 MP: 2/2
   440 | D:1      | Reached XP level 3. HP: 33/33 MP: 3/3
   818 | D:2      | Noticed Sigmund
   929 | D:2      | Killed Sigmund
   930 | D:2      | Reached XP level 4. HP: 32/41 MP: 4/4
   930 | D:2      | Reached XP level 5. HP: 37/48 MP: 5/5
  1295 | D:2      | Found a faded altar of an unknown god.
  1705 | D:3      | Reached XP level 6. HP: 55/55 MP: 6/6
  1715 | D:3      | Found a sparkling altar of Nemelex Xobeh.
  1956 | D:3      | Got the Cyclopedia of Spatial Transmogrification
  2263 | D:4      | Found a staircase to the Ecumenical Temple.
  2288 | Temple   | Entered the Ecumenical Temple
  2300 | Temple   | Became a worshipper of Kikubaaqudgha
  2854 | D:4      | Slain by an ogre

Illustrated notes

Levels and vault maps discovered:
D:1:      dpeg_arrival_solitude, layout_basic
D:2:      layout_rooms, shapermc_ecumenical_altar_pompeii,
          minmay_parallelograms, uniq_sigmund
D:3:      layout_basic, nemelex_dance_club_becter
D:4:      layout_basic, nicolae_qazlal_eye_of_the_storm,
          minmay_temple_entry_ruins, amcnicky_mini_pool_small
Temple:   hellmonk_temple_flake

Skill      XL: |  1  2  3  4  5  6 |
---------------+-------------------+-----
Dodging        | 2 3 4 |  4.5
Unarmed Combat | 3 |  3.9
Shapeshifting  | 4 |  4.1
Fighting       | |  1.3

Action                     |  1- 3 |  4- 6 || total
---------------------------+-------+-------++-------
  Melee: Unarmed           |    74 |       ||    74
         Halberd           |       |   101 ||   101
    Use: Potion            |     1 |       ||     1
 Armour: Animal skin       |    36 |    76 ||   112
         Skin              |     5 |       ||     5
  Dodge: Dodged            |    27 |    40 ||    67

Table legend: (Time is in decaauts)
 A = Elapsed time spent in this place.
 B = Non-inter-level travel time spent in this place.
 C = Inter-level travel time spent in this place.
 D = Time resting spent in this place.
 E = Time spent auto-exploring this place.
 F = Levels seen in this place.
 G = Mean time per level.
                   A        B        C        D        E       F      G
               +--------+--------+--------+--------+--------+-----+--------+
         Total |   2899 |   2777 |    122 |    189 |   1974 |   5 |  579.8 |
       Dungeon |   2876 |   2765 |    111 |    189 |   1974 |   4 |  719.0 |
        Temple |     23 |     12 |     11 |      0 |      0 |   1 |   23.0 |
               +--------+--------+--------+--------+--------+-----+--------+

Top non-repeatable levels by time:
     D:1: 861 daAuts
     D:3: 778 daAuts
     D:2: 643 daAuts
     D:4: 591 daAuts
  Temple: 23 daAuts
